 Dungeon Crawl Stone Soup version 0.25-a0-341-g6f074c887a (webtiles) character file.

Game seed: 10650997635617769873, levelgen mode: classic

1236 Borgoz the Cudgeler (level 8, -3/51 HPs)
             Began as a Gargoyle Fighter on Dec 30, 2019.
             Killed by divine providence
             ... invoked by an orc priest
              (17 damage)
             ... on level 5 of the Dungeon.
             The game lasted 00:06:29 (4561 turns).

Borgoz the Cudgeler (Gargoyle Fighter)              Turns: 4561, Time: 00:06:30

Health: -3/51      AC: 15    Str: 20    XL:     8   Next: 49%
Magic:  8/8        EV: 10    Int: 10    God:
Gold:   268        SH:  0    Dex: 10    Spells: 7/7 levels left

rFire    . . .     SeeInvis .   A - +0 dire flail
rCold    . . .     Gourm    .   (shield currently unavailable)
rNeg     + . .     Faith    .   b - +0 scale mail
rPois    ∞         Spirit   .   i - +0 helmet (curse)
rElec    +         Reflect  .   (no cloak)
rCorr    .         Harm     .   (no gloves)
MR       .....                  v - +0 pair of boots
Stlth    ..........             (no amulet)
HPRegen  0.17/turn              (no ring)
MPRegen  0.11/turn              (no ring)

@: no status effects
A: negative energy resistance 1, electricity resistance, unbreathing,
petrification resistance, rot immunity, AC +5
a: no special abilities


You were on level 5 of the Dungeon.
You were not hungry.

You visited 1 branch of the dungeon, and saw 5 of its levels.

You collected 268 gold pieces.

Inventory:

Hand Weapons
 a - a +0 flail
 A - a +0 dire flail (weapon)
Armour
 b - a +0 scale mail (worn)
 c - a +0 shield
 i - a cursed +0 helmet (worn)
 v - a +0 pair of boots (worn)
 C - a +2 large shield of reflection
Jewellery
 x - an uncursed ring of flight
Wands
 s - a wand of random effects (20)
 w - a wand of digging (11)
 D - a wand of acid (11)
Scrolls
 e - 2 scrolls of teleportation {unknown}
 h - 2 scrolls of amnesia {unknown}
 j - 4 scrolls of remove curse {unknown}
 k - a scroll of identify {unknown}
 m - a scroll of noise {unknown}
 r - a scroll of immolation {unknown}
 t - a scroll of enchant weapon {unknown}
 y - 3 scrolls of fear {unknown}
Potions
 g - a potion of brilliance {unknown}
 l - a potion of haste
 n - a potion of mutation {unknown}
 o - 3 potions of resistance {unknown}
 p - a potion of flight {unknown}
 q - a potion of berserk rage {unknown}
 z - a potion of ambrosia {unknown}
Comestibles
 f - 4 rations


   Skills:
 + Level 6.1 Fighting
 * Level 7.0 Maces & Flails
 + Level 6.1 Armour
 + Level 2.0 Dodging
 - Level 3.2 Shields


You had 7 spell levels left.
You didn't know any spells.
Your spell library was empty.

Dungeon Overview and Level Annotations

Branches:
Dungeon (5/15)
 Temple: D:4-7

Altars:
Ru
Vehumet
Yredelemnul
Zin

Shops:
D:4 (


Innate Abilities, Weirdness & Mutations

You are resistant to torment.
Your stone body is resilient. (AC +5)
You are immune to poison.
You resist negative energy. (rN+)
You are resistant to electric shocks. (rElec)
You can survive without breathing.
You are immune to petrification.
You are immune to rotting.


Message History

Unknown command.
The quokka bites you but does no damage.
The orc priest casts a cantrip, but nothing happens.
The orc priest mumbles some strange prayers to Beogh against you.
Beogh smites you!
* * * LOW HITPOINT WARNING * * *
The quokka closely misses you.
You feel better.
The orc warrior hits you from afar with a +0 glaive!
* * * LOW HITPOINT WARNING * * *
The quokka bites you but does no damage.
You feel better.
The quokka bites you but does no damage.
The orc warrior closely misses you.
The quokka twitches its whiskers.
The quokka barely misses you.
All of the chunks of flesh in your inventory have rotted away.
The orc priest mumbles some strange prayers to Beogh against you.
Beogh smites you!
You die...

...# ##.### #.#. ..###....# #.#.#
##.#.###.# ..... #(..####.###
#.#.. ## #..####....## #.##.
.######...........# #.##.
......).....#....############o##o
.######.....##....r.oo.o.o.......
#######..#######@####.######.....
.....##..# #.# #.# #.###.
.###.##..# #.# #.# #.# #. .#
#.##..# ..# #.# #.# ## .###.##..#
.## #.# #.. .........# #. #.# ###
.###.#...# #. #.#
.###.#)))######.## #.#
.##..............#


You could see an orc warrior, an orc priest, an orc and a quokka.

Vanquished Creatures
  A water moccasin (D:5)
  Duvessa (D:5)
  2 ogres (D:5)
  A centaur (D:5)
  Blork the orc (D:4)
  Dowan (D:5)
  A scorpion (D:4)
  A howler monkey (D:4)
  3 orc wizards (D:5)
  A centaur skeleton (D:4)
  Natasha (thrice) (D:3)
  An iguana (D:4)
  A worker ant (D:5)
  A hound skeleton (D:5)
  Robin (D:4)
  A howler monkey skeleton (D:4)
  15 adders
  3 gnolls (D:2)
  An ooze (D:5)
  An adder skeleton (D:4)
  5 worms
  A dart slug (D:2)
  5 leopard geckos
  6 orcs
  3 giant cockroaches
  19 goblins
  8 hobgoblins
  4 jackals (D:3)
  3 quokkas
  3 ball pythons
  10 bats
  6 frilled lizards
  2 jackal skeletons
  9 kobolds
  A leopard gecko skeleton (D:4)
  6 rats
132 creatures vanquished.

Notes
Turn   | Place    | Note
-------+----------+-------------------------------------------
     0 | D:1      | Borgoz the Gargoyle Fighter began the quest for the Orb.
     0 | D:1      | Reached XP level 1. HP: 14/14 MP: 1/1
   172 | D:1      | Reached XP level 2. HP: 18/19 MP: 2/2
   881 | D:2      | Reached XP level 3. HP: 23/23 MP: 3/3
   957 | D:1      | Reached skill level 3 in Maces & Flails
  1335 | D:2      | Reached XP level 4. HP: 29/29 MP: 4/4
  1527 | D:3      | Noticed Natasha
  1543 | D:3      | Killed Natasha
  1587 | D:3      | Reached XP level 5. HP: 26/33 MP: 5/5
  1650 | D:3      | Noticed Natasha
  1656 | D:3      | Killed Natasha
  1656 | D:3      | Reached skill level 4 in Maces & Flails
  2100 | D:2      | Found a basalt altar of Yredelemnul.
  2108 | D:2      | Found a sacrificial altar of Ru.
  2108 | D:2      | Found a radiant altar of Vehumet.
  2153 | D:2      | Found a glowing silver altar of Zin.
  2330 | D:2      | Reached XP level 6. HP: 38/39 MP: 6/6
  2855 | D:3      | Noticed Natasha
  2872 | D:3      | Killed Natasha
  3439 | D:4      | Found Yhosarau's Antique Weapon Shop.
  3447 | D:4      | Reached skill level 5 in Maces & Flails
  3554 | D:4      | Reached skill level 5 in Fighting
  3554 | D:4      | Reached skill level 5 in Armour
  3690 | D:4      | Reached XP level 7. HP: 44/44 MP: 7/7
  3855 | D:4      | Noticed Robin
  3875 | D:4      | Killed Robin
  3981 | D:4      | Noticed Blork the orc
  3992 | D:4      | Killed Blork the orc
  4084 | D:5      | Entered Level 5 of the Dungeon
  4104 | D:5      | Noticed Dowan
  4107 | D:5      | Reached skill level 6 in Maces & Flails
  4110 | D:5      | Noticed Duvessa
  4134 | D:5      | Killed Duvessa
  4140 | D:5      | Killed Dowan
  4140 | D:5      | Reached skill level 1 in Dodging
  4149 | D:5      | Reached XP level 8. HP: 51/51 MP: 8/8
  4530 | D:5      | Reached skill level 7 in Maces & Flails
  4561 | D:5      | Killed from afar by an orc priest

Levels and vault maps discovered:
D:1:      moated_graveyard_arrival, layout_loops_corners
D:2:      layout_basic, grunt_temple_overflow_open
D:3:      mumra_celtic_spiral_tile, layout_basic, minivault_25, uniq_natasha
D:4:      layout_gridville, serial_shops, shop_coins, uniq_blork_the_orc,
          uniq_robin
D:5:      layout_loops_ring, first_ration, uniq_edmund, uniq_duvessa

Skill      XL: |  1  2  3  4  5  6  7  8 |
---------------+-------------------------+-----
Maces & Flails | 3 4 5 6 7 |  7.0
Fighting       | 4 5 6 |  6.1
Armour         | 4 5 6 |  6.1
Dodging        | 1 2 |  2.0
Shields        | |  3.2

Action                   |  1- 3 |  4- 6 |  7- 9 || total
-------------------------+-------+-------+-------++-------
Melee: Flail             |    83 |   352 |    43 ||   478
       Dire flail        |       |       |    72 ||    72
  Use: Potion            |       |       |     5 ||     5
  Eat: Chunk             |     1 |     9 |     3 ||    13
Armor: Scale mail        |    51 |   212 |    86 ||   349
Dodge: Dodged            |    30 |   111 |    61 ||   202
Block: Shield            |    45 |   174 |    44 ||   263

Table legend:
 A = Non-vault XP
 B = Vault XP
 C = Vault XP percentage of total XP
 D = Non-vault monster count
 E = Vault monster count
 F = Vault count percentage of total count
                 A         B        C        D         E       F
            +---------+---------+-------+---------+---------+-------
      Total |    1376 |     390 |  22.1 |     116 |      16 |  12.1
            +---------+---------+-------+---------+---------+-------
        D:1 |      35 |       0 |   0.0 |      19 |       0 |   0.0
        D:2 |     210 |       0 |   0.0 |      35 |       0 |   0.0
        D:3 |     163 |      36 |  18.1 |      32 |       1 |   3.0
        D:4 |     272 |     130 |  32.3 |      16 |      13 |  44.8
        D:5 |     696 |     224 |  24.3 |      14 |       2 |  12.5
            +---------+---------+-------+---------+---------+-------
